 Dungeon Crawl Stone Soup version 0.30-a0-29-g142975f185 (webtiles) character file.

Game seed: 17937871524562807952

58 Ordine the Slasher (level 4, 28/28 HPs)
             Began as a Tengu Fighter on Aug 26, 2022.
             Quit the game on level 2 of the Dungeon.
             The game lasted 00:03:59 (1642 turns).

Ordine the Slasher (Tengu Fighter)                  Turns: 1642, Time: 00:03:59

Health: 28/28      AC:  6    Str: 16    XL:     4   Next: 2%
Magic:  5/5        EV:  9    Int:  8    God:
Gold:   129        SH:  5    Dex: 16    Spells: 3/3 levels left

rFire   . . .      SeeInvis .    a - +0 long sword
rCold   . . .      Faith    .    c - +0 buckler
rNeg    . . .      Spirit   .    b - +0 scale mail
rPois   .          Reflect  .    (helmet restricted)
rElec   .          Harm     .    j - scarf {repulsion}
rCorr   .          Rampage  .    (no gloves)
Will    .....                    (boots unavailable)
Stlth   ..........               (no amulet)
HPRegen 0.09/turn                (no ring)
MPRegen 0.09/turn                (no ring)

@: repel missiles
A: beak, talons 3
a: no special abilities


You were on level 2 of the Dungeon.
You visited 1 branch of the dungeon, and saw 2 of its levels.

You collected 129 gold pieces.

Inventory:

Hand Weapons
 a - a +0 long sword (weapon)
Missiles
 f - 6 javelins (quivered)
Armour
 b - a +0 scale mail (worn)
 c - a +0 buckler (worn)
 j - a scarf of repulsion (worn)
Scrolls
 e - a scroll of amnesia {unknown}
 g - a scroll of blinking {unknown}
 h - a scroll of summoning {unknown}
 i - a scroll of identify {unknown}
 l - a scroll of acquirement {unknown}
 n - a scroll of enchant weapon {unknown}
 o - a scroll of teleportation {unknown}
 q - 3 scrolls of enchant armour {unknown}
 s - a scroll of fog {unknown}
Potions
 d - a potion of might
 k - a potion of invisibility {unknown}
 m - 2 potions of curing {unknown}
 p - a potion of heal wounds {unknown}
 r - a potion of cancellation {unknown}


   Skills:
 + Level 3.5 Fighting
 * Level 3.8 Long Blades
 + Level 0.0 Throwing
 - Level 3.3 Armour
 - Level 0.2 Dodging
 - Level 3.1 Shields


You had 3 spell levels left.
You didn't know any spells.
Your spell library contained the following spells:

 Spells                   Type           Power      Damage    Failure   Level
 Magic Dart               Conj           0%         1d3       90%         1
 Call Imp                 Summ           0%         N/A       97%         2
 Mephitic Cloud           Conj/Pois/Air  0%         N/A       99%         3
 Hailstorm                Conj/Ice       0%         3d3       100%        4
 Ice Form                 Ice/Tmut       0%         N/A       100%        4
 Simulacrum               Ice/Necr       0%         N/A       100%        6


Dungeon Overview and Level Annotations

Branches:
Dungeon (2/15)

Altars:
Nemelex Xobeh

Shops:
D:1 (


Innate Abilities, Weirdness & Mutations

You have a beak for a mouth.
You have claws for feet.


Message History

You hit the adder but do no damage. You peck the adder.
The adder is lightly wounded.
The adder bites you but does no damage. x2
You slash the adder!
The adder is almost dead.
You block the adder's attack.
You barely miss the adder.
The adder is almost dead.
The adder bites you but does no damage. x2
You closely miss the adder. Your kick misses the adder.
The adder is almost dead.
You block the adder's attack. x2
You slash the adder!
You kill the adder!
You have reached level 4!
You feel agile.
You now have 116 gold pieces (gained 18).
You pick up a book of Minor Magic and begin reading...
You add the spells Magic Dart, Call Imp and Mephitic Cloud to your library.
Found a whip.
Okay, then.
No target in view!
You see here a +0 whip.
Found a ring mail.
Setting a skill training target for Throwing at 16.0.
You see here a +0 ring mail.
An endoplasm comes into view.
Found an escape hatch in the ceiling.
The endoplasm quivers.
An endoplasm is nearby!
Found a scroll labelled KOAVUWKAUNY.
You see here 13 gold pieces.
The endoplasm hits you but does no damage.
You slash the endoplasm!
You kill the endoplasm!
No target in view!
You now have 129 gold pieces (gained 13).
s - a scroll labelled KOAVUWKAUNY You see here a +0 hand axe of freezing.
Are you sure you want to abandon this character and quit the game? (Confirm with "yes".)

###########....<..##.#
##########.# #.# # #.#
### ## ###.########.###
########.####.## ...
............
............##.##.##.
######...##
####.###.##.#.....#.###
##...## #.#
#.##.#...@.....#
##.....# #.#
#..#.#..##.###.#
#......#
#.####.#.#..##.#
#.#..).#
#........#..#..#
#.#....#
######.###.....# #
#.#....# #.# ##.#.## .#
#.##+#.# #.# #.#.####.#
#.......
#####.####........#
##......
##.........##.##.###
##.......


There were no monsters in sight!

Vanquished Creatures
  An adder (D:2)
  2 dart slugs (D:1)
  4 bats (D:1)
  9 endoplasms
  2 giant cockroaches (D:1)
  5 goblins
  7 hobgoblins
  5 kobolds (D:1)
  3 frilled lizards
  2 rats
40 creatures vanquished.

Notes
Turn   | Place    | Note
-------+----------+-------------------------------------------
     0 | D:1      | Ordine the Tengu Fighter began the quest for the Orb.
     0 | D:1      | Reached XP level 1. HP: 14/14 MP: 2/2
   325 | D:1      | Reached XP level 2. HP: 17/19 MP: 3/3
   735 | D:1      | Reached XP level 3. HP: 19/23 MP: 4/4
   792 | D:1      | Found Fyir's Antique Weapon Boutique.
  1429 | D:2      | Found a sparkling altar of Nemelex Xobeh.
  1450 | D:2      | Reached XP level 4. HP: 28/28 MP: 5/5
  1642 | D:2      | Quit the game

Illustrated notes

Levels and vault maps discovered:
D:1:      dpeg_arrival_radiant, layout_basic, serial_shops,
          nicolae_shop_waterfront, minmay_cut_off
D:2:      layout_loops_corners, basic_altar, ebering_ecumenical_altar_hall,
          grunt_ministairs_13

Skill      XL: |  1  2 |
---------------+-------+-----
Long Blades    | 3 |  3.8
Fighting       | |  3.5
Armour         | |  3.3
Dodging        | |  0.2
Shields        | |  3.1

Action                   |  1- 3 |  4- 6 || total
-------------------------+-------+-------++-------
Melee: Long sword        |    81 |     1 ||    82
       Kick              |    18 |       ||    18
       Peck              |     9 |       ||     9
Armor: Scale mail        |    35 |     1 ||    36
Dodge: Dodged            |    36 |       ||    36
Block: Buckler           |    25 |       ||    25

Table legend: (Time is in decaauts)
 A = Elapsed time spent in this place.
 B = Non-inter-level travel time spent in this place.
 C = Inter-level travel time spent in this place.
 D = Time resting spent in this place.
 E = Time spent auto-exploring this place.
 F = Levels seen in this place.
 G = Mean time per level.
                   A        B        C        D        E       F      G
               +--------+--------+--------+--------+--------+-----+--------+
         Total |   1666 |   1643 |     23 |      0 |   1391 |   2 |  833.0 |
       Dungeon |   1666 |   1643 |     23 |      0 |   1391 |   2 |  833.0 |
               +--------+--------+--------+--------+--------+-----+--------+

Top non-repeatable levels by time:
     D:1: 1326 daAuts
     D:2: 339 daAuts
